AoeStats
← Soxickano

Arena

509576530Analyzed
2v2 RM · 3d ago on Sep 27, 2026· 38m 53s· 4 players
Game mode
Random Map
Map size
Medium (4 player)
Population
200
Speed
Normal
Resources
Standard
Victory
Conquest
Starting age
Dark Age
Ending age
Imperial Age
RankedLock teamsTeams togetherTeam positionsShared explorationLock speedFull tech treeHidden civsTurbo modeCheats
Victory
Defeat
🇫🇷 Japanese · France
889
+20
🇫🇷 Khmer · France
874
+21
🇩🇪 Inca · Germany
1018
-22
🇳🇱 Japanese · Netherlands
949
-53
marcost96br
5:59 Loom
10:28 Feudal Age
10:58 Double-Bit Axe
12:03 Man-at-Arms
17:21 Horse Collar
21:28 Castle Age
21:45 Wheelbarrow
21:05 Town Watch
23:19 Elite Skirmisher
23:59 Gambesons
24:16 Squires
23:38 Long Swordsman
27:40 Gold Mining
29:12 Fervor
29:11 Caravan
32:04 Heavy Plow
31:57 Pikeman
37:56 Imperial Age
35:45 Hand Cart
37:14 Sanctity
36:52 Herbal Medicine
37:00 Devotion
37:08 Arson
Lord Bendtner
4:45 Loom
6:14 Loom
11:31 Feudal Age
12:47 Wheelbarrow
11:56 Horse Collar
12:03 Double-Bit Axe
14:13 Gold Mining
19:38 Castle Age
18:34 Stone Mining
18:37 Fletching
20:43 Heavy Plow
23:43 Bow Saw
24:07 Crossbowman
26:25 Hand Cart
27:06 Caravan
29:05 Gold Shaft Mining
29:41 Thumb Ring
29:51 Bodkin Arrow
30:33 Padded Archer Armor
31:04 Ballistics
30:29 Treadmill Crane
37:29 Imperial Age
35:06 Champi Runner
35:07 Pikeman
35:48 Squires
36:02 Arson
36:32 Forging
36:23 Scale Mail Armor
37:53 Stone Shaft Mining
37:11 Champi Warrior
38:02 Capped Ram
Kaizo
10:17 Feudal Age
15:25 Castle Age
14:26 Double-Bit Axe
14:34 Horse Collar
20:35 Wheelbarrow
20:42 Fervor
21:25 Loom
24:09 Bow Saw
25:00 Heavy Plow
25:18 Gold Mining
27:51 Hand Cart
27:25 Town Watch
27:57 Husbandry
28:09 Bloodlines
29:01 Town Patrol
30:07 Stone Mining
30:56 Gold Shaft Mining
31:43 Ballistics
31:19 Murder Holes
35:35 Imperial Age
36:02 Stone Shaft Mining
37:21 Chemistry
36:33 Scale Barding Armor
37:43 Double Crossbow
38:10 Elite Ballista Elephant
Soxickano
5:34 Loom
11:22 Feudal Age
15:56 Castle Age
15:01 Double-Bit Axe
16:46 Horse Collar
19:35 Heavy Plow
19:36 Gold Mining
22:43 Wheelbarrow
22:21 Stone Mining
23:57 Forging
23:48 Scale Mail Armor
23:38 Fletching
24:07 Town Watch
25:46 Padded Archer Armor
25:43 Bodkin Arrow
26:43 Hand Cart
27:10 Iron Casting
26:51 Leather Archer Armor
26:01 Elite Skirmisher
27:48 Town Patrol
29:03 Chain Mail Armor
30:43 Yasama
33:17 Imperial Age
31:24 Thumb Ring
35:49 Blast Furnace
34:49 Bracer
36:31 Conscription
36:33 Kataparuto
36:50 Hoardings
37:13 Hoardings
37:37 Kataparuto
38:24 Hoardings
38:13 Kataparuto
37:15 Elite Samurai
38:17 Murder Holes
38:33 Masonry
39:53 Gold Shaft Mining
Connection lost

Rejoining the realm…

Still unreachable

The connection could not be restored.

Session expired

The server has moved on; the page needs a fresh start.